 Dungeon Crawl Stone Soup version 0.28-a0-973-ga7f8b01127 (webtiles) character file.

Game seed: 4650817116009460108

593 Goblin1989 the Chopper (level 7, -4/37 HPs)
             Began as a Vine Stalker Fighter on Dec 1, 2021.
             Was an Initiate of Okawaru.
             Slain by a gnoll (5 damage)
             ... on level 5 of the Dungeon.
             The game lasted 00:07:11 (4066 turns).

Goblin1989 the Chopper (Vine Stalker Fighter)       Turns: 4066, Time: 00:07:12

Health: -4/37      AC:  8    Str: 20    XL:     7   Next: 39%
Magic:  0/8        EV:  9    Int:  8    God:    Okawaru [......]
Gold:   98         SH:  5    Dex: 14    Spells: 6/6 levels left

rFire   . . .      SeeInvis .   a - +0 war axe
rCold   . . .      Faith    .   c - +0 buckler
rNeg    . . .      Spirit   +   b - +0 scale mail
rPois   .          Reflect  .   e - +1 hat
rElec   .          Harm     .   q - scarf {shadows}
rCorr   .          Rampage  .   (no gloves)
Will    .....                   (no boots)
Stlth   ..........              (no amulet)
HPRegen 0.92/turn               (no ring)
MPRegen 0.11/turn               (no ring)

@: no status effects
A: fangs 2, regeneration 1, magic shield, antimagic bite, no potion heal 2
a: Renounce Religion


You were on level 5 of the Dungeon.
You worshipped Okawaru.
Okawaru was noncommittal.
You visited 2 branches of the dungeon, and saw 6 of its levels.

You collected 98 gold pieces.

Inventory:

Hand Weapons
 a - a +0 war axe (weapon)
Missiles
 i - 4 javelins (quivered) {@Q2}
 k - 5 boomerangs
Armour
 b - a +0 scale mail (worn)
 c - a +0 buckler (worn)
 e - a +1 hat (worn)
 n - a +0 cloak
 q - a scarf of shadows (worn)
Scrolls
 f - 3 scrolls of identify {unknown}
 g - a scroll of fear {unknown}
 j - a scroll of enchant weapon {unknown}
 o - a scroll of teleportation {unknown}
 p - a scroll of acquirement {unknown}
 r - a scroll of noise {unknown}
 s - a scroll of enchant armour {unknown}
Potions
 d - a potion of might {@q4}
 h - a potion of resistance {unknown}
 l - a potion of attraction {unknown}
 m - a potion of brilliance {unknown}


   Skills:
 + Level 4.1 Fighting
 * Level 4.7 Axes
 + Level 3.8 Armour
 - Level 4.0 Shields


You had 6 spell levels left.
You didn't know any spells.
Your spell library contained the following spells:

 Spells                   Type           Power      Damage    Failure   Level
 Apportation              Tloc           0%         N/A       77%         1
 Beastly Appendage        Tmut           0%         N/A       77%         1
 Wereblood                Tmut           0%         N/A       88%         2
 Frozen Ramparts          Ice            0%         1d2       98%         3
 Spider Form              Tmut/Pois      0%         N/A       98%         3
 Ice Form                 Ice/Tmut       0%         N/A       100%        4
 Alistair's Intoxication  Tmut/Pois      0%         N/A       100%        5
 Summon Ice Beast         Ice/Summ       Unusable   N/A       N/A         4

Dungeon Overview and Level Annotations

Branches:
Dungeon (5/15)             Temple (1/1) D:4

Altars:
Ashenzari
Cheibriados
Dithmenos
Fedhas
Gozag
Hepliaklqana
Kikubaaqudgha
Makhleb
Nemelex Xobeh
Okawaru
Qazlal
Ru
Sif Muna
Trog
Uskayaw
Vehumet
Wu Jian
Xom
Yredelemnul

Annotations:
D:4 Eustachio, Pikel


Innate Abilities, Weirdness & Mutations

You have extremely sharp teeth.
Your natural rate of healing is unusually fast.
When hurt, damage is shared between your health and your magic reserves.
Your bite disrupts and absorbs the magic of your enemies.
Potions cannot restore your health.


Message History

MP restored: 8 You hit the gnoll.
The gnoll is almost dead.
An orc wizard appears from thin air!
Reactivating autopickup.
The gnoll closely misses you.
The gnoll sergeant hits you from afar with a +2 spear of flaming.
The gnoll sergeant burns you.
You take 6 damage, and have 23/37 hp.
You now have 7/8 mp.
You slash the gnoll!
You kill the gnoll!
Okawaru accepts your kill. You block the gnoll sergeant's attack.
The gnoll closely misses you.
The gnoll sergeant hits you with a +2 spear of flaming.
The gnoll sergeant burns you.
Things that are here:
a +0 spear; a gnoll corpse You take 4 damage, and have 20/37 hp.
You now have 6/8 mp.
You are too injured to fight recklessly!
You are too injured to fight recklessly!
You are too injured to fight recklessly!
You are too injured to fight recklessly!
You are too injured to fight recklessly!
You are too injured to fight recklessly!
You are too injured to fight recklessly!
You are too injured to fight recklessly!
You are too injured to fight recklessly!
You are too injured to fight recklessly!
You are too injured to fight recklessly!
You are too injured to fight recklessly!
You are too injured to fight recklessly!
You are too injured to fight recklessly!
You are too injured to fight recklessly!
You are too injured to fight recklessly!
You are too injured to fight recklessly!
You are too injured to fight recklessly!
You are too injured to fight recklessly!
You are too injured to fight recklessly!
You are too injured to fight recklessly!
You are too injured to fight recklessly!
You are too injured to fight recklessly!
You are too injured to fight recklessly!
Unknown command.
The gnoll sergeant hits you from afar with a +2 spear of flaming.
The gnoll sergeant burns you.
* * * LOW HITPOINT WARNING * * *
You see here a +0 club.
You take 4 damage, and have 16/37 hp.
You now have 5/8 mp.
Things that are here:
a +0 dagger; an orc corpse
Found a ruby potion.
There is a stone staircase leading up here.
The gnoll hits you from afar with a +0 spear.
You take 3 damage, and have 18/37 hp.
You now have 5/8 mp.
You are too injured to fight recklessly!
You are too injured to fight recklessly!
You are too injured to fight recklessly!
You are too injured to fight recklessly!
You are too injured to fight recklessly!
You are too injured to fight recklessly!
You are too injured to fight recklessly!
You are too injured to fight recklessly!
You are too injured to fight recklessly!
You are too injured to fight recklessly!
You are too injured to fight recklessly!
The gnoll sergeant hits you but does no damage.
You hit the gnoll sergeant but do no damage.
You bite the gnoll sergeant, but do no damage.
The gnoll hits you from afar with a +0 halberd.
The gnoll sergeant hits you with a +2 spear of flaming.
* * * LOW HITPOINT WARNING * * *
The gnoll sergeant burns you.
* * * LOW HITPOINT WARNING * * *
The gnoll completely misses you. You block the gnoll's attack.
You take 5 damage, and have 14/37 hp.
You now have 4/8 mp.
You closely miss the gnoll sergeant.
You bite the gnoll sergeant, but do no damage.
The gnoll sergeant misses you.
The gnoll hits you but does no damage. x2
The gnoll sergeant barely misses you.
You regained 2 hp, and now have 16/37 hp.
You slash the gnoll sergeant!
The gnoll sergeant is heavily wounded.
The gnoll hits you but does no damage. x2
The gnoll sergeant hits you with a +2 spear of flaming!
* * * LOW HITPOINT WARNING * * *
The gnoll sergeant burns you.
* * * LOW HITPOINT WARNING * * *
The gnoll hits you but does no damage.
You take 7 damage, and have 9/37 hp.
You now have 2/8 mp.
You hit the gnoll sergeant but do no damage.
You bite the gnoll sergeant, but do no damage.
The gnoll sergeant is heavily wounded.
The gnoll hits you but does no damage.
The gnoll sergeant hits you with a +2 spear of flaming!
* * * LOW HITPOINT WARNING * * *
The gnoll sergeant burns you.
* * * LOW HITPOINT WARNING * * *
The gnoll hits you from afar with a +0 spear.
You die...

█.██...█ █.█ █.███.█
█.█ █. █.█ █. █.█
...████.███ █ █.█
.!........█... █.█
█.go...... █.█
█.█g█.███ █.█████
█g█g█.█ █.█...█
█)█@█.█ █. █.....█
█g█.█.█ █.█ ███...█
█o█g█.███.█ ██.██
█g█o......█ █.█
█.█.██.██.██ █.█
█.███.█.██.█...█████.█
█...og.........>.....█
█████o█.██.█..†███████
██.█.██.██)██


You could see a gnoll sergeant, 3 gnolls and 2 orcs.

Vanquished Creatures
  A wyvern (D:5)
  2 scorpions
  A hound (D:5)
  A jelly (D:5)
  An orc priest (D:3)
  Natasha (thrice) (D:3)
  2 gnolls (D:5)
  6 adders
  A worm (D:2)
  A dart slug (D:2)
  16 orcs
  5 ball pythons
  9 endoplasms
  6 giant cockroaches
  6 goblins
  5 hobgoblins
  4 jackals (D:5)
  3 quokkas
  4 bats
  3 frilled lizards
  4 kobolds (D:3)
  7 rats
91 creatures vanquished.

Notes
Turn   | Place    | Note
-------+----------+-------------------------------------------
     0 | D:1      | Goblin1989 the Vine Stalker Fighter began the quest for the
                  | Orb.
     0 | D:1      | Reached XP level 1. HP: 11/11 MP: 2/2
   180 | D:1      | Reached XP level 2. HP: 16/16 MP: 3/3
   403 | D:1      | Found a faded altar of an unknown god.
   692 | D:1      | Reached XP level 3. HP: 18/19 MP: 4/4
  1441 | D:2      | Gained mutation: Your natural rate of healing is unusually
                  | fast. [Vine Stalker growth]
  1441 | D:2      | Reached XP level 4. HP: 23/24 MP: 5/5
  1755 | D:3      | Noticed Natasha
  1764 | D:3      | Killed Natasha
  1774 | D:3      | Found an ancient bone altar of Kikubaaqudgha.
  1774 | D:3      | Found a shimmering blue altar of Sif Muna.
  1774 | D:3      | Noticed Natasha
  1779 | D:3      | Killed Natasha
  1780 | D:3      | Reached XP level 5. HP: 15/28 MP: 2/6
  1822 | D:3      | Found a radiant altar of Vehumet.
  1888 | D:3      | Noticed Natasha
  1897 | D:3      | Killed Natasha
  2150 | D:3      | Reached XP level 6. HP: 31/32 MP: 5/7
  2896 | D:4      | Found a staircase to the Ecumenical Temple.
  2902 | Temple   | Entered the Ecumenical Temple
  3126 | Temple   | Became a worshipper of Warmaster Okawaru
  3189 | D:4      | Noticed Eustachio
  3197 | D:4      | Noticed Pikel
  3278 | D:4      | Found a stormy altar of Qazlal.
  3483 | D:4      | Found a broken altar of Ashenzari.
  3483 | D:4      | Found a burning altar of Makhleb.
  3485 | D:4      | Found a hazy altar of Hepliaklqana.
  3486 | D:4      | Found a sparkling altar of Nemelex Xobeh.
  3487 | D:4      | Found a hide-covered altar of Uskayaw.
  3776 | D:5      | Entered Level 5 of the Dungeon
  3836 | D:5      | Noticed a wyvern
  3846 | D:5      | Killed a wyvern
  3847 | D:5      | Reached XP level 7. HP: 11/37 MP: 3/8
  4066 | D:5      | HP: 1/37 [gnoll sergeant (4)]
  4066 | D:5      | Slain by a gnoll

Illustrated notes

Levels and vault maps discovered:
D:1:      dpeg_arrival_three_same_balls, layout_basic,
          ebering_ecumenical_altar_hall, dk_noncrumbling_4
D:2:      layout_rooms, minmay_misc_feat_cross
D:3:      layout_loops_cross, grunt_temple_overflow_magic_moments,
          serial_co_window_serial, co_window_corner_a, co_window_paths_b,
          co_window_of_opportunity_a, co_window_of_opportunity_a,
          co_window_cross_1, co_window_cross_3, co_window_of_opportunity_b,
          co_window_corner_ca, co_window_broadway_b, co_window_broadway_b,
          co_window_broadway_a, co_window_paths_d, glass_columns_b,
          glass_columns_b, glass_columns_a, due_unseen_surprise, uniq_natasha
D:4:      layout_gridville, minitemple, temple_green, uniq_eustachio, uniq_pikel
D:5:      lemuel_castle_with_subvaults [lemuel_castle_interior_original],
          layout_loops_ring, good_gods_mini_temple
Temple:   dpeg_chambers_temple

Skill      XL: |  1  2  3  4  5  6  7 |
---------------+----------------------+-----
Axes           | 2 3 4 |  4.7
Shields        | 3 4 |  4.0
Fighting       | 3 4 |  4.1
Armour         | 3 |  3.8

Action                   |  1- 3 |  4- 6 |  7- 9 || total
-------------------------+-------+-------+-------++-------
Melee: War axe           |    67 |   137 |    36 ||   240
       Bite              |    23 |    42 |    14 ||    79
Armor: Scale mail        |    39 |    61 |    20 ||   120
Dodge: Dodged            |    26 |    81 |    29 ||   136
Block: Buckler           |    11 |    51 |    13 ||    75

Table legend: (Time is in decaauts)
 A = Elapsed time spent in this place.
 B = Non-inter-level travel time spent in this place.
 C = Inter-level travel time spent in this place.
 D = Time resting spent in this place.
 E = Time spent auto-exploring this place.
 F = Levels seen in this place.
 G = Mean time per level.
                   A        B        C        D        E       F      G
               +--------+--------+--------+--------+--------+-----+--------+
         Total |   4158 |   3884 |    274 |     39 |   3064 |   6 |  693.0 |
       Dungeon |   3912 |   3689 |    223 |     39 |   2879 |   5 |  782.4 |
        Temple |    245 |    194 |     51 |      0 |    185 |   1 |  245.0 |
               +--------+--------+--------+--------+--------+-----+--------+

Top non-repeatable levels by time:
     D:3: 1196 daAuts
     D:1: 1131 daAuts
     D:2: 654 daAuts
     D:4: 629 daAuts
     D:5: 302 daAuts
  Temple: 245 daAuts
